 Dungeon Crawl Stone Soup version 0.27.1 (webtiles) character file.

Game seed: 3643543886461596754

177847 boopmooplesden the Severer (level 17, -18/152 (158) HPs)
             Began as a Minotaur Fighter on Aug 27, 2021.
             Was the Champion of Okawaru.
             Demolished by a shadow dragon simulacrum (24 damage)
             ... on level 2 of the Abyss.
             The game lasted 00:57:37 (24320 turns).

boopmooplesden the Severer (Minotaur Fighter)      Turns: 24320, Time: 00:57:38

HP:   -18/152 (158) AC: 34    Str: 33      XL:     17   Next: 26%
MP:   16/16         EV: 12    Int: 10      God:    Okawaru [******]
Gold: 1625          SH: 27    Dex: 19 (20) Spells: 16/16 levels left

rFire    . . .     SeeInvis .   W - +10 broad axe "Zibrux" {vorpal, Str+5}
rCold    . . .     Faith    .   h - +3 tower shield {AC+3}
rNeg     . . .     Spirit   .   k - +3 storm dragon scales
rPois    +         Reflect  .   O - +1 hat
rElec    +         Harm     .   l - +0 cloak of the Nexus {Fly Str+2 Int+7}
rCorr    +         Rampage  +   j - +0 pair of gloves
Will     .....     Rnd*Rage +   C - +2 pair of boots {rampage}
Stlth    ..........             S - amulet of Atym {Will- Regen+ rCorr Dex+7}
HPRegen  1.35/turn              K - ring "Asough" {AC+4 Str+3}
MPRegen  0.15/turn              o - ring of poison resistance

@: unable to read, flying, lightly drained
A: horns 2, retaliatory headbutt, berserk 1, dopey 1, low mp 1, weak 1,
inability to read while threatened
}: 1/15 runes: barnacled
a: Renounce Religion, Heroism, Finesse


You were on level 2 of the Abyss.
You worshipped Okawaru.
Okawaru was exalted by your worship.
You visited 6 branches of the dungeon, and saw 28 of its levels.
You visited the Abyss 1 time.
You also visited: Sewer, Ossuary and Bailey.

You collected 1625 gold pieces.

Inventory:

Hand Weapons
 a - a +9 war axe of flaming
 b - the +7 broad axe "Siriyr" {pain, rElec rF- rC+ SInv}
   (You found it on level 15 of the Dungeon)

   In the hands of one skilled in necromantic magic, it inflicts extra damage on
   living creatures.
   rF:        It makes you vulnerable to fire.
   rC:        It protects you from cold.
   rElec:     It insulates you from electricity.
   SInv:      It lets you see invisible.
 A - the +3 short sword "Xaworuz" {freeze, Str+2 Dex+3}
   (You found it on level 5 of the Dungeon)

   It freezes those it strikes, dealing additional cold damage.
   It can also slow down cold-blooded creatures.
   Str:       It affects your strength (+2).
   Dex:       It affects your dexterity (+3).
 E - the +7 broad axe of Defence {vorpal, Drain rCorr Str+6}
   (Okawaru gifted it to you on level 15 of the Dungeon)

   It inflicts extra damage upon your enemies.
   Str:       It affects your strength (+6).
   rCorr:     It protects you from acid and corrosion.
   Drain:     It drains your maximum health when unequipped.
 W - the +10 broad axe "Zibrux" (weapon) {vorpal, Str+5}
   (Okawaru gifted it to you on level 2 of the Lair of Beasts)

   It inflicts extra damage upon your enemies.
   Str:       It affects your strength (+5).
Missiles
 B - 8 curare-tipped darts (quivered)
 H - 35 javelins
 J - 10 silver javelins
 V - 5 throwing nets
Armour
 h - a +3 tower shield of protection (worn)
 j - a +0 pair of gloves (worn)
 k - +3 storm dragon scales (worn)
 l - the +0 cloak of the Nexus (worn) {Fly Str+2 Int+7}
   (You found it on level 5 of the Lair of Beasts)

   Str:       It affects your strength (+2).
   Int:       It affects your intelligence (+7).
   Fly:       It grants you flight.
 C - a +2 pair of boots of rampaging (worn)
 O - a +1 hat (worn)
Jewellery
 g - an amulet of faith
 i - an amulet of the acrobat
 o - a ring of poison resistance (right hand)
 K - the ring "Asough" (left hand) {AC+4 Str+3}
   (You took it off a merfolk impaler on level 4 of the Shoals)

   [ring of protection]

   AC:        It affects your AC (+4).
   Str:       It affects your strength (+3).
 S - the amulet of Atym (around neck) {Will- Regen+ rCorr Dex+7}
   (You found it on level 6 of the Lair of Beasts)

   [amulet of regeneration]

   Dex:       It affects your dexterity (+7).
   Regen:     It increases your rate of health regeneration.
   rCorr:     It protects you from acid and corrosion.
   Will:      It decreases your willpower.
Wands
 c - a wand of flame (59)
 y - a wand of paralysis (4)
 I - a wand of polymorph (9)
 R - a wand of acid (34)
 U - a wand of mindburst (15)
 Y - a wand of iceblast (6)
 Z - a wand of digging (7)
Scrolls
 s - 13 scrolls of teleportation
 t - a scroll of magic mapping
 u - a scroll of fog
 G - a scroll of holy word
 L - a scroll of enchant weapon
 M - a scroll of fear
 N - 14 scrolls of identify
 Q - 3 scrolls of blinking
 T - a scroll of amnesia
 X - a scroll of summoning
Potions
 d - 5 potions of might
 e - 4 potions of lignification
 f - 4 potions of haste
 m - 3 potions of attraction
 n - 7 potions of heal wounds
 p - 10 potions of curing
 q - 7 potions of magic
 v - 5 potions of ambrosia
 w - 7 potions of invisibility
 x - 3 potions of resistance
 z - 6 potions of brilliance
 D - 2 potions of berserk rage
 P - a potion of cancellation
Miscellaneous
 r - a phial of floods
 F - a piece from Xom's chessboard (15/15)


   Skills:
 + Level 16.2 Fighting
 + Level 19.6 Axes
 + Level 2.1 Throwing
 + Level 14.0 Armour
 + Level 6.6 Dodging
 + Level 2.6 Stealth
 + Level 18.1 Shields
 + Level 1.0 Translocations
 + Level 1.1 Transmutations
 + Level 1.0 Fire Magic
 + Level 1.0 Ice Magic
 + Level 1.0 Air Magic
 + Level 1.3 Earth Magic
 + Level 1.0 Poison Magic
 + Level 3.1 Invocations
 + Level 1.2 Evocations


You had 16 spell levels left.
You didn't know any spells.
Your spell library contained the following spells:

 Spells                   Type           Power      Damage    Failure   Level
 Sting                    Tmut/Pois      8%         1d3       87%         1
 Apportation              Tloc           4%         N/A       88%         1
 Shock                    Conj/Air       4%         1d3       92%         1
 Animate Skeleton         Necr           0%         N/A       95%         1
 Corona                   Hex            0%         N/A       95%         1
 Summon Small Mammal      Summ           0%         N/A       95%         1
 Blink                    Tloc           N/A        N/A       95%         2
 Poisonous Vapours        Pois/Air       4%         N/A       95%         2
 Wereblood                Tmut           2%         N/A       95%         2
 Corpse Rot               Necr/Air       N/A        N/A       98%         2
 Static Discharge         Conj/Air       1%         N/A       98%         2
 Slow                     Hex            0%         N/A       99%         2
 Sublimation of Blood     Necr           0%         N/A       99%         2
 Ignite Poison            Fire/Tmut/Pois 2%         N/A       99%         3
 Stone Arrow              Conj/Erth      2%         3d7       99%         3
 Swiftness                Air            2%         N/A       99%         3
 Call Canine Familiar     Summ           0%         N/A       100%        3
 Confusing Touch          Hex            0%         N/A       100%        3
 Conjure Flame            Conj/Fire      1%         6-21      100%        3
 Summon Guardian Golem    Hex/Summ       0%         N/A       100%        3
 Vampiric Draining        Necr           0%         2d6       100%        3
 Airstrike                Air            1%         N/A       100%        4
 Animate Armour           Summ/Erth      2%         N/A       100%        4
 Dispel Undead            Necr           0%         3d6       100%        4
 Leda's Liquefaction      Hex/Erth       0%         N/A       100%        4
 Olgreb's Toxic Radiance  Pois           2%         N/A       100%        4
 Sticky Flame             Conj/Fire      1%         2d3       100%        4
 Alistair's Intoxication  Tmut/Pois      1%         N/A       100%        5
 Blade Hands              Tmut           1%         N/A       100%        5
 Bolt of Magma            Conj/Fire/Erth 0%         4d4       100%        5
 Borgnjor's Vile Clutch   Necr/Erth      0%         N/A       100%        5
 Irradiate                Conj/Tmut      0%         3d14      100%        5
 Lightning Bolt           Conj/Air       0%         1d11      100%        5
 Manifold Assault         Tloc           2%         N/A       100%        5
 Death Channel            Necr           0%         N/A       100%        6
 Eringya's Noxious Bog    Tmut/Pois      1%         N/A       100%        6
 Statue Form              Tmut/Erth      1%         N/A       100%        6
 Dragon Form              Tmut           1%         N/A       100%        7
 Storm Form               Tmut/Air       1%         N/A       100%        7
 Summon Hydra             Summ           0%         N/A       100%        7
 Lehudib's Crystal Spear  Conj/Erth      0%         10d2      100%        8
 Maxwell's Capacitive Co  Air            1%         ∞         100%        8


Dungeon Overview and Level Annotations

Branches:
Dungeon (15/15)            Temple (1/1) D:5            Lair (6/6) D:8
 Shoals (4/4) Lair:2        Snake (0/4) Lair:3        Slime (2/5) Lair:6
 Vaults (1/5) D:14         Depths (0/5) D:15          Sewer (visited)
Ossuary (visited)          Bailey (visited)
    Orc: D:9-12

Altars:
Ashenzari
Cheibriados
Dithmenos
Elyvilon
Fedhas
Gozag
Hepliaklqana
Kikubaaqudgha
Makhleb
Nemelex Xobeh
Okawaru
Qazlal
Ru
Sif Muna
Trog
Uskayaw
Vehumet
Wu Jian
Xom
Yredelemnul
Zin
The Shining One

Shops:
D:5 [   D:15 !   Shoals:3 (

Annotations:
D:6 2 transporters, RatsInWalls's ghost, novice TrHu


Innate Abilities, Weirdness & Mutations

You have a pair of horns on your head.
You reflexively headbutt those who attack you in melee.
You tend to lose your temper in combat.
You are dopey. (Int -2)
Your magical capacity is low. (-10% MP)
You are weak. (Str -2)
You sometimes lose the ability to read scrolls when taking damage.


Message History

You destroy the flying skull!
Okawaru accepts your kill. You block the quasit's attack.
The quasit misses you. The quasit barely misses you.
You block the quasit's attack. x3
You slice the quasit!!
You kill the quasit!
Okawaru accepts your kill.
You feel yourself speed up.
You see here a +0 scimitar of flaming.
You can read scrolls again.
A lurking horror comes into view.
Found 25 gold pieces.
A shadow dragon simulacrum comes into view.
Found a gateway leading deeper into the Abyss.
You barely miss the shadow dragon simulacrum.
You slash the shadow dragon simulacrum!
You headbutt the shadow dragon simulacrum.
The shadow dragon simulacrum is heavily damaged.
You slash the lurking horror!
Your body is wracked with pain!
An apocalypse crab comes into view.
The shadow dragon simulacrum bites you.
The shadow dragon simulacrum freezes you!!
You feel threatened and lose the ability to read scrolls!
* * * LOW HITPOINT WARNING * * *
You block the shadow dragon simulacrum's attack.
The shadow dragon simulacrum claws you.
* * * LOW HITPOINT WARNING * * *
The shadow dragon simulacrum freezes you!!
* * * LOW HITPOINT WARNING * * *
You hit the shadow dragon simulacrum but do no damage.
You headbutt the shadow dragon simulacrum, but do no damage.
The shadow dragon simulacrum is heavily damaged.
The apocalypse crab breathes chaos at you.
You hit the shadow dragon simulacrum but do no damage.
You headbutt the shadow dragon simulacrum, but do no damage.
The shadow dragon simulacrum is heavily damaged.
You are engulfed in seething chaos.
The shadow dragon simulacrum bites you.
* * * LOW HITPOINT WARNING * * *
The shadow dragon simulacrum freezes you!!
You die...

##....# # ##.>...##
##.........##
..#.....#.t# . ..
##..§......# .. ..
#..#.§§§...## ....
. #.Z§§§§.# # .....
. #.@§# #### ##...
.. ###.###...#
#..... #..#...##
#.. ...
###.##.......#. ..#
.. # ...
.......##...# #
###.##.#...#......#
# #..#.#####. ..
##.### ##.##.# .$
####..####


You could see an apocalypse crab and a shadow dragon simulacrum.

Vanquished Creatures
  An acid blob (Slime:2)
  Gastronok (D:9)
  2 tentacled starspawn (Abyss:2)
  Aizul (Shoals:1)
  A vault warden (Vaults:1)
  3 ironbound preservers (Vaults:1)
  A stone giant (D:15)
  3 minotaurs (Shoals:4)
  An eidolon (Abyss:2)
  A green death (Abyss:2)
  4 merfolk impalers
  The ghost of Ekaitz the Carver, a journeyman DsEE of Sif Muna (Lair:3)
  Josephine (D:15)
  11 hydras
  3 centaur warriors
  2 boulder beetles
  2 ironbound frosthearts (Vaults:1)
  5 two-headed ogres
  An alligator snapping turtle (Shoals:4)
  2 merfolk avatars
  11 satyrs
  3 tengu warriors (D:15)
  A deep elf knight (D:15)
  A fire crab (shapeshifter) (D:14)
  A goliath frog (Lair:6)
  9 sea snakes
  A deep elf archer (D:15)
  A deep elf zephyrmancer (D:15)
  8 deep trolls (Vaults:1)
  2 ironbound convokers (Vaults:1)
  A lindwurm (Lair:3)
  A deep elf pyromancer (D:15)
  12 harpies
  An orb spider (shapeshifter) (D:14)
  A necromancer (D:14)
  2 shining eyes (Slime:1)
  9 ugly things
  18 fauns
  2 moths of wrath (Lair:3)
  4 cyclopes
  14 manticores
  10 merfolk sirens
  2 water nymphs
  Joseph (D:8)
  4 black mambas
  7 torpor snails
  27 cane toads
  10 komodo dragons
  An efreet (Abyss:2)
  Psyche (D:9)
  2 yaktaurs (Vaults:1)
  A rime drake (Lair:6)
  A tengu conjurer (D:15)
  19 merfolk
  A polar bear (shapeshifter) (D:14)
  4 tyrant leeches (Lair:6)
  5 wind drakes
  3 polar bears
  26 blink frogs
  10 slime creatures
  9 dream sheep (Lair:6)
  A meliai zombie (D:11)
  7 snapping turtles
  4 flying skulls (Abyss:2)
  2 shadows
  4 water elementals
  8 wraiths
  2 vampires
  3 wyverns
  53 yaks
  Grum (D:9)
  7 vampire mosquitoes
  3 basilisks
  A neqoxec (Abyss:2)
  A steam dragon (D:6)
  Menkaure (D:4)
  3 nagas (Lair:3)
  2 acid dragons
  2 small abominations (Abyss:2)
  18 water moccasins
  2 sky beasts
  7 orc warriors
  A necrophage (D:6)
  A black bear (D:5)
  13 wolves
  11 centaurs
  An ogre (D:6)
  A boggart (Vaults:1)
  A phantom (D:6)
  An elf zombie (Ossuary)
  2 kobold brigands
  A wyvern zombie (D:6)
  Blork the orc (D:5)
  17 bullfrogs
  A gnoll sergeant (D:10)
  11 killer bees
  8 electric eels
  The ghost of Lobster4 the Vexing, a weakling DEAM (D:3)
  A quasit (Abyss:2)
  3 centaur zombies
  2 human zombies (Ossuary)
  2 jellies
  2 gnoll shamans
  4 orc priests
  A bullfrog skeleton (D:6)
  2 iguanas
  Natasha (thrice) (D:3)
  8 orc wizards
  A killer bee zombie (D:7)
  2 mummies (Ossuary)
  2 howler monkey skeletons
  3 howler monkey zombies
  16 gnolls
  4 adders
  4 river rats
  A shadow imp (D:7)
  A white imp (D:8)
  3 adder zombies (Ossuary)
  An adder skeleton (D:4)
  6 worms
  A dart slug (D:3)
  46 orcs
  6 ball pythons
  8 endoplasms
  3 giant cockroaches
  7 hobgoblins
  2 jackals (Sewer)
  21 kobolds
  3 quokkas
  2 bats
  5 frilled lizards
  12 goblins
  2 goblin zombies (Ossuary)
  6 hobgoblin zombies (Ossuary)
  2 jackal zombies (Ossuary)
  12 kobold zombies (Ossuary)
  8 orc zombies (Ossuary)
  9 rats
  A lurking horror (Abyss:2)
  A plant (Shoals:2)
  4 starspawn tentacles (Abyss:2)
731 creatures vanquished.

Vanquished Creatures (others)
  40 fungi
  123 plants
  4 starspawn tentacles (Abyss:2)
167 creatures vanquished.

Grand Total: 898 creatures vanquished

Notes
Turn   | Place    | Note
-------+----------+-------------------------------------------
     0 | D:1      | boopmooplesden the Minotaur Fighter began the quest for the
                  | Orb.
     0 | D:1      | Reached XP level 1. HP: 19/19 MP: 0/0
   208 | D:1      | Reached XP level 2. HP: 12/27 MP: 1/1
   567 | D:1      | Found a faded altar of an unknown god.
   567 | D:1      | Noticed a reaper
   932 | D:2      | Reached XP level 3. HP: 28/33 MP: 2/2
  1114 | D:2      | Reached skill level 3 in Axes
  1768 | D:3      | Found a glowing drain.
  1768 | D:3      | Noticed Natasha
  1774 | D:3      | Reached XP level 4. HP: 41/41 MP: 3/3
  1790 | D:3      | Killed Natasha
  1791 | D:3      | Reached skill level 4 in Axes
  1798 | Sewer    | Entered a sewer
  1811 | Sewer    | Reached XP level 5. HP: 26/47 MP: 4/4
  2282 | Sewer    | Found a white marble altar of Elyvilon.
  2336 | D:3      | Noticed Natasha
  2348 | D:3      | Killed Natasha
  2349 | D:3      | Reached skill level 5 in Fighting
  2379 | D:3      | Noticed Natasha
  2388 | D:3      | Killed Natasha
  2432 | D:3      | Reached XP level 6. HP: 56/56 MP: 5/5
  2629 | D:3      | Found a runed translucent door.
  2629 | D:3      | Noticed Lobster4's ghost (weakling DEAM)
  2643 | D:3      | Killed Lobster4's ghost
  2644 | D:3      | Reached skill level 5 in Armour
  2893 | D:4      | Noticed Menkaure
  2902 | D:4      | Killed Menkaure
  2903 | D:4      | Reached skill level 5 in Axes
  2903 | D:4      | Reached skill level 5 in Shields
  2941 | D:4      | Reached skill level 6 in Axes
  2941 | D:4      | Reached XP level 7. HP: 41/61 MP: 6/6
  3196 | D:4      | Found a sand-covered staircase.
  3206 | Ossuary  | Entered an ossuary
  3327 | Ossuary  | Reached skill level 1 in Dodging
  3387 | Ossuary  | Reached skill level 7 in Axes
  3955 | D:5      | Entered Level 5 of the Dungeon
  3962 | D:5      | Found Plog's Antique Armour Boutique.
  4182 | D:5      | Reached skill level 8 in Axes
  4182 | D:5      | Reached XP level 8. HP: 66/70 MP: 7/7
  4246 | D:5      | Noticed Blork the orc
  4248 | D:5      | Found a broken altar of Ashenzari.
  4251 | D:5      | Killed Blork the orc
  4422 | D:5      | Identified the +3 short sword "Xaworuz" {freeze, Str+2
                  | Dex+3}
  4430 | D:5      | Found a staircase to the Ecumenical Temple.
  4460 | Temple   | Entered the Ecumenical Temple
  4500 | Temple   | Became a worshipper of Warmaster Okawaru
  4837 | D:6      | Reached skill level 9 in Axes
  5191 | D:6      | Found a shimmering blue altar of Sif Muna.
  5192 | D:6      | Found a transporter.
  5196 | D:6      | Noticed RatsInWalls's ghost (novice TrHu)
  5198 | D:6      | Found a transporter.
  5232 | D:6      | Noticed a two-headed ogre
  5250 | D:6      | Killed a two-headed ogre
  5250 | D:6      | Reached * piety under Okawaru
  5251 | D:6      | Reached skill level 10 in Axes
  5251 | D:6      | Reached skill level 1 in Throwing
  5251 | D:6      | Reached XP level 9. HP: 7/78 MP: 8/8
  6387 | D:7      | Found a flagged portal.
  6405 | Bailey   | Entered a bailey
  6678 | Bailey   | Reached ** piety under Okawaru
  6955 | Bailey   | Noticed an orc knight
  7271 | D:7      | Reached skill level 11 in Axes
  7595 | D:7      | Noticed a two-headed ogre
  7606 | D:7      | Killed a two-headed ogre
  7607 | D:7      | Reached XP level 10. HP: 80/86 MP: 6/9
  9078 | D:8      | Found a staircase to the Lair.
  9286 | D:8      | Noticed Joseph
  9303 | D:8      | Killed Joseph
  9304 | D:8      | Reached skill level 12 in Axes
  9673 | D:9      | Noticed Gastronok
  9695 | D:9      | Killed Gastronok
  9767 | D:9      | Noticed Grum
 10143 | D:9      | Reached *** piety under Okawaru
 10249 | D:9      | Noticed Psyche
 10258 | D:9      | Killed Psyche
 10259 | D:9      | Reached skill level 13 in Axes
 10333 | D:9      | Reached skill level 1 in Stealth
 10699 | D:9      | Killed Grum
 10700 | D:9      | Reached XP level 11. HP: 87/94 MP: 7/10
 10944 | D:10     | Entered Level 10 of the Dungeon
 11008 | D:10     | Reached skill level 10 in Armour
 11023 | D:10     | Noticed a seven-headed hydra
 11043 | D:10     | Killed a three-headed hydra
 11043 | D:10     | Reached **** piety under Okawaru
 11519 | D:10     | Found a shimmering altar of Xom.
 11519 | D:10     | Found an ornate altar of the Wu Jian Council.
 11519 | D:10     | Found a radiant altar of Vehumet.
 11519 | D:10     | Found a shadowy altar of Dithmenos.
 11525 | D:10     | Found a basalt altar of Yredelemnul.
 11525 | D:10     | Found a snail-covered altar of Cheibriados.
 11941 | D:11     | Noticed a two-headed ogre
 11946 | D:11     | Killed a two-headed ogre
 11946 | D:11     | Received a gift from Okawaru
 11979 | D:11     | Found an iron altar of Okawaru.
 11983 | D:11     | Noticed a two-headed ogre
 12002 | D:11     | Killed a two-headed ogre
 12433 | D:11     | Reached skill level 10 in Shields
 12498 | D:11     | Noticed a two-headed ogre
 12507 | D:11     | Killed a two-headed ogre
 12507 | D:11     | Reached ***** piety under Okawaru
 13001 | D:12     | Noticed a seven-headed hydra
 13003 | D:12     | Noticed a centaur warrior
 13018 | D:12     | Reached skill level 14 in Axes
 13024 | D:12     | Killed a four-headed hydra
 13025 | D:12     | Reached skill level 1 in Invocations
 13055 | D:12     | Killed a centaur warrior
 13071 | D:12     | Noticed a purple ugly thing
 13085 | D:12     | Killed a purple ugly thing
 13335 | Lair:1   | Entered Level 1 of the Lair of Beasts
 13355 | Lair:1   | Reached skill level 10 in Fighting
 13355 | Lair:1   | Reached XP level 12. HP: 50/106 MP: 10/12
 13873 | Lair:1   | Noticed a six-headed hydra
 13882 | Lair:1   | Killed a two-headed hydra
 14190 | Lair:1   | Reached ****** piety under Okawaru
 14235 | Lair:2   | Found a staircase to the Shoals.
 14249 | Lair:2   | Reached skill level 15 in Axes
 14523 | Lair:2   | Found a snail-covered altar of Cheibriados.
 14706 | Lair:2   | Found a snail-covered altar of Cheibriados.
 14714 | Lair:2   | Identified the +10 broad axe "Zibrux" {vorpal, Str+5}
                  | (Okawaru gifted it to you on level 2 of the Lair of Beasts)
 14714 | Lair:2   | Received a gift from Okawaru
 15299 | Lair:2   | Noticed an eight-headed hydra
 15306 | Lair:2   | Killed a four-headed hydra
 15307 | Lair:2   | Reached skill level 16 in Axes
 15307 | Lair:2   | Reached XP level 13. HP: 97/117 MP: 13/13
 16033 | Lair:3   | Received a gift from Okawaru
 16131 | Lair:3   | Found a shimmering altar of Xom.
 16501 | Lair:3   | Noticed Ekaitz's ghost (journeyman DsEE)
 16517 | Lair:3   | Found a transporter.
 16537 | Lair:3   | Found a transporter.
 16552 | Lair:3   | Identified the ring of Buphif {rN+ EV+4}
 16597 | Lair:3   | Killed Ekaitz's ghost
 16597 | Lair:3   | Received a gift from Okawaru
 16629 | Lair:3   | Reached skill level 1 in Translocations
 16629 | Lair:3   | Reached skill level 1 in Transmutations
 16629 | Lair:3   | Reached skill level 1 in Fire Magic
 16629 | Lair:3   | Reached skill level 1 in Ice Magic
 16629 | Lair:3   | Reached skill level 1 in Air Magic
 16629 | Lair:3   | Reached skill level 1 in Earth Magic
 16629 | Lair:3   | Reached skill level 1 in Poison Magic
 16629 | Lair:3   | Reached skill level 1 in Evocations
 16629 | Lair:3   | Reached XP level 14. HP: 52/127 MP: 14/14
 16928 | Lair:3   | Found a staircase to the Snake Pit.
 17927 | Lair:4   | Reached skill level 5 in Dodging
 18269 | Lair:5   | Identified the +6 hunting sling of Hubris {freeze, rC+}
 18864 | Lair:5   | Identified the +0 cloak of the Nexus {Fly Str+2 Int+7}
 19032 | Lair:6   | Entered Level 6 of the Lair of Beasts
 19044 | Lair:6   | Reached skill level 17 in Axes
 19164 | Lair:6   | Received a gift from Okawaru
 19343 | Lair:6   | Reached XP level 15. HP: 136/136 MP: 15/15
 19525 | Lair:6   | Found a hide-covered altar of Uskayaw.
 19530 | Lair:6   | Found an ornate altar of the Wu Jian Council.
 19982 | Lair:6   | Found a staircase to the Slime Pits.
 20107 | Lair:6   | Identified the amulet of Atym {Will- Regen+ rCorr Dex+7}
 20168 | Slime:1  | Entered Level 1 of the Pits of Slime
 20173 | Slime:1  | Gained mutation: Your magical capacity is low. (-10% MP) [a
                  | shining eye]
 20176 | Slime:1  | Gained mutation: You tend to lose your temper in combat. [a
                  | shining eye]
 20177 | Slime:1  | Gained mutation: You are weak. (Str -2) [a shining eye]
 20179 | Slime:1  | Gained mutation: You are dopey. (Int -2) [a shining eye]
 20251 | Slime:2  | Noticed an acid blob
 20261 | Slime:2  | Killed an acid blob
 20721 | Lair:6   | Reached skill level 18 in Axes
 20928 | Shoals:1 | Entered Level 1 of the Shoals
 21060 | Shoals:1 | Noticed Aizul
 21070 | Shoals:1 | Killed Aizul
 21070 | Shoals:1 | Received a gift from Okawaru
 21469 | Shoals:2 | Received a gift from Okawaru
 21475 | Shoals:2 | Reached skill level 15 in Shields
 21625 | Shoals:3 | Found Vuhoerog's Antique Weapon Shoppe.
 21815 | Shoals:4 | Entered Level 4 of the Shoals
 21827 | Shoals:4 | Received a gift from Okawaru
 21903 | Shoals:4 | Reached XP level 16. HP: 66/147 MP: 15/15
 22045 | Shoals:4 | Received a gift from Okawaru
 22119 | Shoals:4 | Identified the +0 leather armour of the Sunfish {rN+ Regen+
                  | Int-4}
 22125 | Shoals:4 | Reached skill level 15 in Fighting
 22139 | Shoals:4 | Noticed a sphinx
 22230 | Shoals:4 | Identified the ring "Asough" {AC+4 Str+3}
 22338 | Shoals:4 | Got a barnacled rune of Zot
 22660 | Shoals:1 | Reached skill level 19 in Axes
 22966 | D:12     | You are sucked into a shaft and drop 3 floors!
 22966 | D:15     | Entered Level 15 of the Dungeon
 23074 | D:15     | Identified the +7 broad axe "Siriyr" {pain, rElec rF- rC+
                  | SInv}
 23105 | D:15     | Identified the +7 broad axe of Defence {vorpal, Drain rCorr
                  | Str+6} (Okawaru gifted it to you on level 15 of the
                  | Dungeon)
 23105 | D:15     | Received a gift from Okawaru
 23316 | D:15     | Found Lewkau's Distillery.
 23325 | D:15     | Noticed Josephine
 23330 | D:15     | Killed Josephine
 23460 | D:15     | Found a staircase to the Depths.
 23543 | D:15     | Found a sparkling altar of Nemelex Xobeh.
 23781 | D:14     | Found a gate to the Vaults.
 23790 | Vaults:1 | Entered Level 1 of the Vaults
 23916 | Vaults:1 | Reached XP level 17. HP: 116/158 MP: 16/16
 24033 | Vaults:1 | Identified the +6 battleaxe "Waules" {vorpal, rF+ Will++
                  | Stlth+} (Okawaru gifted it to you on level 1 of the Vaults)
 24033 | Vaults:1 | Received a gift from Okawaru
 24086 | Vaults:1 | Cast into level 2 of the Abyss (a wizard)
 24175 | Abyss:2  | Gained mutation: You sometimes lose the ability to read
                  | scrolls when taking damage. [a neqoxec]
 24320 | Abyss:2  | HP: 6/152 [shadow dragon simulacrum (6)]
 24320 | Abyss:2  | Demolished by a shadow dragon simulacrum

Illustrated notes

Levels and vault maps discovered:
D:1:      dpeg_arrival_oval, layout_rooms,
          dreamdust_ecumenical_altar_sealed_demon
D:2:      minmay_alternating_diamond, layout_rooms, solitary_fountain,
          minmay_pentomino_t2
D:3:      layout_rooms, gammafunk_ghost_grave, portal_sewer_entry_b,
          uniq_natasha
D:4:      layout_loops_ring, nicolae_ossuary_entry_monument,
          lightli_corner_chamber, uniq_menkaure
D:5:      layout_basic, ashenzari_conservatory_becter,
          minmay_temple_entry_offerings, serial_shops, nicolae_shop_statue_plus,
          uniq_blork_the_orc
D:6:      layout_loops_ring, lemuel_tele_altar, gammafunk_ghost_smash,
          serial_co_window_serial, co_window_paths_b, co_window_paths_b,
          co_window_corner_a, co_window_paths_b, co_window_paths_b,
          co_window_of_opportunity_a, co_window_corner_ca,
          co_window_unsneaky_path_e, co_window_paths_c, co_window_broadway_a,
          glass_columns_b
D:7:      cheibrodos_two_vegetables, layout_loops_ring, enter_bailey_3,
          kennysheep_small_spiral
D:8:      layout_basic, lair_entry_dummy, uniq_joseph
D:9:      layout_loops_corners, uniq_grum, uniq_gastronok, uniq_psyche
D:10:     kennysheep_big_flooded_room, layout_long_grid,
          minmay_overflow_temple_hex
D:11:     layout_irregular_city, minivault_14, okawaru_gym_becter
D:12:     layout_basic, david_orc_2
D:14:     layout_cross, david_vaults_4, minivault_25
D:15:     grunt_enter_depths_snipers, layout_basic, serial_shops,
          nicolae_square_shop, nemelex_xobeh_ov_fountains_minmay, uniq_josephine
Temple:   eino_temple_water
Lair:1:   layout_roguey, infiniplex_staircase_pool
Lair:2:   layout_cave_pods, elwin_shoals_entry_stream, basic_altar,
          kennysheep_snail_temple
Lair:3:   layout_misc_corridors, minmay_snake_entry_guardpost_medium,
          gammafunk_ghost_berserking_beasts, basic_altar
Lair:4:   layout_long_grid, st_stairs_8, infiniplex_staircase_pool_2
Lair:5:   layout_concentric_octagons, grunt_megastairs_5, lemuel_fruit_tree
Lair:6:   minmay_lair_end_frog_pond, layout_hall_layers, slime_dummy,
          nzn_masters_of_martial_movement, serial_bayou_shore_a,
          serial_bayou_shore_b
Shoals:1: layout_shoals, uniq_aizul
Shoals:2: layout_shoals, nicolae_shoals_circle_sea_wall,
          nicolae_shoals_land_atoll
Shoals:3: layout_shoals, nicolae_shoals_lost_giant_amphitheater,
          nicolae_take_the_stairs
Shoals:4: shoals_end_hellmonk_lost_city
Slime:1:  layout_caves
Slime:2:  layout_caves
Vaults:1: grunt_vaults_hallway_short, ontoclasm_vaults_eye,
          hangedman_vaults_hat, hangedman_vaults_cutoff,
          nicolae_vaults_mini_display_case, grunt_vaults_hallway_short,
          hangedman_vaults_maws, hangedman_vaults_stretched_pinwheel,
          nicolae_vaults_what_the_h, ontoclasm_vaults_gateway,
          grunt_vaults_focal, vaults_dpeg_encased_lava, vaults_room_grid,
          layout_vaults_omnicross, serial_shops, shop_statue
Abyss:2:  base: Snake:3, evilmike_abyss_exit_13, evilmike_abyss_exit_17

Skill      XL: |  1  2  3  4  5  6  7  8  9 10 11 12 13 14 15 16 17 |
---------------+----------------------------------------------------+-----
Fighting       | 4 5 6 7 8 10 11 12 13 14 15 16 | 16.2
Armour         | 4 5 7 8 9 11 12 13 14 | 14.0
Shields        | 4 5 6 7 9 10 11 12 13 15 17 18 | 18.1
Axes           | 3 4 6 8 10 11 13 14 16 17 18 19 | 19.6
Dodging        | 1 2 3 4 5 6 |  6.6
Throwing       | 1 2 |  2.1
Stealth        | 1 2 |  2.6
Invocations    | 1 2 3 |  3.1
Translocations | 1 |  1.0
Transmutations | 1 |  1.1
Fire Magic     | 1 |  1.0
Ice Magic      | 1 |  1.0
Air Magic      | 1 |  1.0
Earth Magic    | 1 |  1.3
Poison Magic   | 1 |  1.0
Evocations     | 1 |  1.2

Action                   |  1- 3 |  4- 6 |  7- 9 | 10-12 | 13-15 | 16-18 || total
-------------------------+-------+-------+-------+-------+-------+-------++-------
Melee: War axe           |    96 |   105 |   338 |   572 |   176 |    13 ||  1300
       Headbutt          |    14 |    16 |    75 |   131 |   185 |   135 ||   556
       Broad axe         |       |       |       |       |   454 |   392 ||   846
Throw: Boomerang         |       |       |    14 |       |       |       ||    14
       Dart              |       |       |       |     2 |       |     4 ||     6
Invok: Heroism           |       |       |     4 |     8 |     6 |     5 ||    23
  Use: Scroll            |       |     4 |    13 |    11 |     9 |     4 ||    41
       Potion            |       |     1 |       |       |     2 |       ||     3
Armor: Scale mail        |    39 |       |       |       |       |       ||    39
       Storm dragon scal |     7 |    63 |   178 |   224 |   237 |   115 ||   824
Dodge: Dodged            |    38 |    41 |   105 |   208 |   165 |    96 ||   653
Block: Kite shield       |    64 |    71 |   234 |   332 |    84 |       ||   785
       Tower shield      |       |       |       |       |   575 |   491 ||  1066
